 Dungeon Crawl Stone Soup version 0.21.1-1-g345015f (webtiles) character file.

59 letownia2 the Conjurer (level 4, 0/24 HPs)
             Began as a Tengu Fire Elementalist on Mar 5, 2018.
             Killed by divine providence
             ... invoked by an orc priest
              (13 damage)
             ... on level 3 of the Dungeon.
             The game lasted 00:02:41 (592 turns).

letownia2 the Conjurer (Tengu Fire Elementalist)     Turns: 592, Time: 00:02:42

Health: 0/24       AC:  2    Str:  8    XL:     4   Next: 3%
Magic:  7/8        EV: 12    Int: 17    God:
Gold:   21         SH:  0    Dex: 14    Spells: 3/7 levels left

rFire    . . .     SeeInvis .   d - +0 spear
rCold    . . .     Gourm    .   (no shield)
rNeg     . . .     Faith    .   a - +0 robe
rPois    .         Spirit   .   (helmet restricted)
rElec    .         Reflect  .   (no cloak)
rCorr    .         Harm     .   (no gloves)
MR       .....                  (boots unavailable)
Stlth    ++........             (no amulet)
HPRegen  0.08/turn              (no ring)
MPRegen  0.11/turn              (no ring)

@: no status effects
A: beak, talons 3
a: no special abilities


You were on level 3 of the Dungeon.
You were not hungry.

You visited 1 branch of the dungeon, and saw 3 of its levels.

You collected 21 gold pieces.

Inventory:

Hand Weapons
 d - a +0 spear (weapon)
Armour
 a - a +0 robe (worn)
 g - a +0 leather armour
Jewellery
 l - an uncursed ring of poison resistance {unknown}
Scrolls
 e - a scroll of teleportation {unknown}
 i - a scroll of identify {unknown}
 j - a scroll of magic mapping {unknown}
 k - a scroll of enchant armour {unknown}
Potions
 f - a potion of lignification {unknown}
 h - a potion of invisibility {unknown}
Books
 b - a book of Flames

   Spells                             Type                      Level
   a - Flame Tongue                   Conjuration/Fire             1
   b - Throw Flame                    Conjuration/Fire             2
   c - Conjure Flame                  Conjuration/Fire             3
   d - Inner Flame                    Hexes/Fire                   3
   e - Sticky Flame                   Conjuration/Fire             4
   f - Fireball                       Conjuration/Fire             5
Comestibles
 c - 5 rations


   Skills:
 - Level 2.1 Dodging
 - Level 2.0 Stealth
 - Level 2.0 Spellcasting
 + Level 5.0 Conjurations
 - Level 3.2 Fire Magic


You had 3 spell levels left.
You knew the following spells:

 Your Spells              Type           Power        Failure   Level  Hunger
a - Flame Tongue          Conj/Fire      ###..        3%          1    #......
c - Conjure Flame         Conj/Fire      ###.....     11%         3    ###....


Dungeon Overview and Level Annotations

Branches:
Dungeon (3/15)

Altars:


Innate Abilities, Weirdness & Mutations

You have a beak for a mouth.
You have claws for feet.


Message History

Confirm with . or Enter, or press ? or * to list all spells.
Aiming: Flame Tongue
Press: ? - help, Shift-Dir - straight line, f - bat
Aim: a bat (resting)
The flame tongue hits the bat.
You kill the bat!
Casting: Flame Tongue
Confirm with . or Enter, or press ? or * to list all spells.
You can't see any susceptible monsters within range! (Use Z to cast anyway.)
An orc comes into view.
The orc shouts!
You hear a shout! x2
An orc priest comes into view. It is wielding a whip.
A goblin comes into view.
Things that are here:
a notched silver ring; a bat corpse
l - a notched silver ring The orc priest invokes the aid of Beogh against you.
Beogh smites you!
Ouch! That really hurt!
You die...

g..# #...##
#o... #...#
#.o.# #...#
####...# #
#..@...# .#
#......#..#
#.....<..#
##########


You could see an orc priest, an orc and a goblin.

Vanquished Creatures
  A worker ant (D:2)
  2 adders (D:2)
  3 bats
  A giant cockroach (D:1)
  A goblin (D:2)
  3 hobgoblins (D:2)
  4 kobolds
  A quokka (D:2)
  A frilled lizard (D:2)
  A rat (D:2)
18 creatures vanquished.

Notes
Turn   | Place    | Note
-------+----------+-------------------------------------------
     0 | D:1      | letownia2 the Tengu Fire Elementalist began the quest for the Orb.
     0 | D:1      | Reached XP level 1. HP: 10/10 MP: 4/4
    87 | D:1      | Reached skill level 2 in Conjurations
   241 | D:2      | Noticed a worker ant
   250 | D:2      | Killed a worker ant
   250 | D:2      | Reached skill level 4 in Conjurations
   250 | D:2      | Reached XP level 2. HP: 15/15 MP: 0/6
   250 | D:2      | Reached XP level 3. HP: 19/19 MP: 0/7
   255 | D:2      | Learned a level 3 spell: Conjure Flame
   493 | D:2      | Reached skill level 5 in Conjurations
   493 | D:2      | Reached XP level 4. HP: 7/24 MP: 0/8
   592 | D:3      | Killed from afar by an orc priest

Skill      XL: |  1  2  3 |
---------------+----------+-----
Conjurations   | 4 5 |  5.0
Dodging        | |  2.1
Stealth        | |  2.0
Spellcasting   | |  2.0
Fire Magic     | |  3.2

Action                   |  1- 3 |  4- 6 || total
-------------------------+-------+-------++-------
Melee: Spear             |     8 |     1 ||     9
       Kick              |     1 |       ||     1
 Cast: Flame Tongue      |    31 |     5 ||    36
 Stab: Sleeping          |     2 |       ||     2
Dodge: Dodged            |    18 |     1 ||    19
